 Dungeon Crawl Stone Soup version 0.21.1-1-g345015f (webtiles) character file.

116 letownia2 the Destroyer (level 5, -10/28 HPs)
             Began as a Tengu Conjurer on Mar 5, 2018.
             Killed from afar by Edmund (12 damage)
             ... with a wand of flame (34)
             ... on level 4 of the Dungeon.
             The game lasted 00:03:31 (687 turns).

letownia2 the Destroyer (Tengu Conjurer)             Turns: 687, Time: 00:03:32

Health: -10/28     AC:  2    Str:  8    XL:     5   Next: 1%
Magic:  2/9        EV: 13    Int: 16    God:
Gold:   48         SH:  0    Dex: 15    Spells: 2/8 levels left

rFire    . . .     SeeInvis .   f - +0 dagger
rCold    . . .     Gourm    .   (no shield)
rNeg     . . .     Faith    .   a - +0 robe
rPois    .         Spirit   .   (helmet restricted)
rElec    .         Reflect  .   (no cloak)
rCorr    .         Harm     .   (no gloves)
MR       .....                  (boots unavailable)
Stlth    ++........             (no amulet)
HPRegen  0.09/turn              (no ring)
MPRegen  0.11/turn              (no ring)

@: no status effects
A: beak, talons 3, able to fly 1
a: Fly


You were on level 4 of the Dungeon.
You were not hungry.

You visited 1 branch of the dungeon, and saw 4 of its levels.

You collected 48 gold pieces.

Inventory:

Hand Weapons
 f - a +0 dagger (weapon)
 l - a +0 trident
Missiles
 i - a throwing net (quivered)
Armour
 a - a +0 robe (worn)
Wands
 n - a wand of acid (10)
Scrolls
 m - a scroll of enchant armour {unknown}
Potions
 d - a potion of lignification {unknown}
 e - a potion of mutation {unknown}
 h - a potion of agility {unknown}
 j - a potion of flight {unknown}
Books
 b - a book of Conjurations

   Spells                             Type                      Level
   a - Magic Dart                     Conjuration                  1
   b - Searing Ray                    Conjuration                  2
   c - Dazzling Spray                 Conjuration/Hexes            3
   d - Fulminant Prism                Conjuration/Hexes            4
   e - Force Lance                    Conjuration/Translocation    4
   f - Iskenderun's Mystic Blast      Conjuration                  4
Comestibles
 c - 2 rations


   Skills:
 - Level 2.1 Dodging
 - Level 2.0 Stealth
 - Level 2.0 Spellcasting
 + Level 8.1 Conjurations


You had 2 spell levels left.
You knew the following spells:

 Your Spells              Type           Power        Failure   Level  Hunger
a - Magic Dart            Conj           ####         1%          1    #......
l - Searing Ray           Conj           ####..       1%          2    ###....
x - Dazzling Spray        Conj/Hex       ##....       12%         3    ###....


Dungeon Overview and Level Annotations

Branches:
Dungeon (4/15)
 Temple: D:4-7

Altars:

Annotations:
D:3 Sigmund
D:4 Dowan, Duvessa, Edmund


Innate Abilities, Weirdness & Mutations

You have a beak for a mouth.
You have claws for feet.
You can fly.


Message History

Edmund shouts!
Edmund moves out of view.
You see here 16 stones.
An orc priest comes into view. It is wielding a club.
An orc comes into view. It is wielding a short sword.
The orc shouts!
The orc priest invokes the aid of Beogh against you.
Pain shoots through your body!
* * * LOW HITPOINT WARNING * * *
As you read the scroll labeled WEPSOI QYRIMYCH, it crumbles to dust.
It is a scroll of amnesia.
Okay, then.
The orc barely misses you.
Unknown command.
As you read the scroll labeled OZAOP DECYIDICK, it crumbles to dust.
You feel blessed for a moment.
It was a scroll of remove curse.
The orc hits you with a whip.
* * * LOW HITPOINT WARNING * * *
Edmund zaps a wand.
The puff of flame hits you!
You die...

##.# ..o.. .#...
######.o.. #.......#
#.)...@.#... ..
#.......#.....#>....
#%.@o...#....##....
#..oo...#.....##..#
#..(....#.......#.?#
#..o....#....... ..
###o######..#.# .
#)# #..o## ## #o#
##.#.## ##o
#o#######.#..###.#
#...oooooe....#.##


You could see Edmund, an orc priest and 8 orcs.

Vanquished Creatures
  An orc wizard (D:4)
  A hound skeleton (D:4)
  5 adders
  A dart slug (D:2)
  A leopard gecko (D:3)
  4 orcs
  5 goblins
  2 hobgoblins (D:2)
  A quokka (D:2)
  A frilled lizard (D:2)
  3 kobolds
25 creatures vanquished.

Notes
Turn   | Place    | Note
-------+----------+-------------------------------------------
     0 | D:1      | letownia2 the Tengu Conjurer began the quest for the Orb.
     0 | D:1      | Reached XP level 1. HP: 10/10 MP: 4/4
   152 | D:2      | Reached skill level 6 in Conjurations
   152 | D:2      | Reached XP level 2. HP: 8/15 MP: 0/6
   167 | D:2      | Learned a level 2 spell: Searing Ray
   196 | D:3      | Noticed Sigmund
   321 | D:2      | Reached XP level 3. HP: 13/19 MP: 3/7
   338 | D:2      | Learned a level 3 spell: Dazzling Spray
   445 | D:3      | Reached skill level 7 in Conjurations
   565 | D:4      | Reached XP level 4. HP: 23/24 MP: 2/8
   587 | D:4      | Noticed an ogre
   645 | D:4      | Noticed Dowan
   649 | D:4      | Noticed Duvessa
   679 | D:4      | Reached skill level 8 in Conjurations
   679 | D:4      | Gained mutation: You can fly. [Tengu growth]
   679 | D:4      | Reached XP level 5. HP: 17/28 MP: 2/9
   683 | D:4      | Noticed Edmund
   687 | D:4      | Killed from afar by Edmund

Skill      XL: |  1  2  3  4 |
---------------+-------------+-----
Conjurations   | 6 7 8 |  8.1
Dodging        | |  2.1
Stealth        | |  2.0
Spellcasting   | |  2.0

Action                   |  1- 3 |  4- 6 || total
-------------------------+-------+-------++-------
Melee: Unarmed           |     8 |       ||     8
       Peck              |     2 |       ||     2
       Kick              |     1 |     1 ||     2
       Dagger            |     6 |     1 ||     7
 Cast: Magic Dart        |    32 |     5 ||    37
       Searing Ray       |     1 |     2 ||     3
       Dazzling Spray    |     1 |       ||     1
  Use: Scroll            |       |     2 ||     2
 Stab: Invisible         |     1 |       ||     1
       Sleeping          |     1 |       ||     1
Armor: Robe              |     1 |     1 ||     2
Dodge: Dodged            |    14 |     8 ||    22
